3AAA
GRYFINDOR BRAVES @ SYLVANIA MAPLE LEAVES
07/27/2018
 
TOP OF THE 1ST
Gryfindor Braves batting - Pitching for Sylvania Maple Leaves : RHP Greg Beaver
Pitching: RHP Greg Beaver
Batting: RHB Ignacio García 0-0: Called Strike
0-1: Called Strike
0-2: Ball
1-2: Strikes out swinging
Batting: RHB José Casarreal 0-0: Ball
1-0: Ball
2-0: Ball
3-0: Base on Balls
Batting: RHB Arlen King 0-0: Called Strike
0-1: Ball
1-1: Fly out, F7 (Line Drive, 7M)
Batting: RHB Pedro Cruz 0-0: Ball
1-0: Fly out, F7 (Flyball, 7D)
Top of the 1st over - 0 run(s), 0 hit(s), 0 error(s), 1 left on base; Gryfindor 0 - Sylvania 0
BOTTOM OF THE 1ST
Sylvania Maple Leaves batting - Pitching for Gryfindor Braves : RHP Josh Gardner
Pitching: RHP Josh Gardner
Batting: RHB Kenny Norton 0-0: Ball
1-0: Ball
2-0: Ball
3-0: Called Strike
3-1: Foul Ball, location: 2F
3-2: Base on Balls
Batting: LHB Carl Pierce 0-0: Called Strike
0-1: Foul Ball, location: 2F
0-2: Ball
1-2: Foul Ball, location: 2F
1-2: Ball
2-2: Ball
3-2: Strikes out swinging
Batting: RHB Nick McKnight 0-0: Ball
Kenny Norton steals 2nd base
1-0: Called Strike
1-1: Called Strike
1-2: Ground out 5-3 (Groundball, 56S)
Kenny Norton to third
Batting: LHB Iván Gonzáles 0-0: Ball
1-0: Swinging Strike
1-1: Foul Ball, location: 2F
1-2: Ball
2-2: Fly out, F9 (Flyball, 9LM)
Bottom of the 1st over - 0 run(s), 0 hit(s), 0 error(s), 1 left on base; Gryfindor 0 - Sylvania 0
TOP OF THE 2ND
Gryfindor Braves batting - Pitching for Sylvania Maple Leaves : RHP Greg Beaver
Batting: SHB Joe Werner 0-0: Fly out, F7 (Flyball, 7M)
Batting: LHB Jim Unknown 0-0: Called Strike
0-1: Ball
1-1: Fly out, F6 (Popup, 6D)
Batting: RHB Miguel Torres 0-0: Swinging Strike
0-1: Called Strike
0-2: Strikes out swinging
Top of the 2nd over - 0 run(s), 0 hit(s), 0 error(s), 0 left on base; Gryfindor 0 - Sylvania 0
BOTTOM OF THE 2ND
Sylvania Maple Leaves batting - Pitching for Gryfindor Braves : RHP Josh Gardner
Batting: RHB Bernardo Márquez 0-0: Ball
1-0: Called Strike
1-1: Ball
2-1: Ball
3-1: Fly out, F4 (Line Drive, 4MD)
Batting: RHB Ingo van Ham 0-0: Called Strike
0-1: Ground out 1-3 (Groundball, 13S)
Batting: LHB Rafael Álvarez 0-0: Ball
1-0: Ball
2-0: Foul Ball, location: 2F
2-1: Foul Ball, location: 2F
2-2: SINGLE (Groundball, 25) (infield hit)
Batting: RHB Trevor Gardner 0-0: Swinging Strike
0-1: SINGLE (Groundball, 13) (infield hit)
Rafael Álvarez to second
Batting: RHB José Valdéz 0-0: Ball
1-0: Ball
2-0: Fly out, F8 (Flyball, 78XD)
Bottom of the 2nd over - 0 run(s), 2 hit(s), 0 error(s), 2 left on base; Gryfindor 0 - Sylvania 0
TOP OF THE 3RD
Gryfindor Braves batting - Pitching for Sylvania Maple Leaves : RHP Greg Beaver
Batting: RHB Alfredo Martínez 0-0: Ball
1-0: Foul Ball, location: 2F
1-1: Ground out 4-3 (Groundball, 4)
Batting: RHB Claudio Pérez 0-0: Called Strike
0-1: Foul Ball, location: 2F
0-2: SINGLE (Groundball, 56D) (infield hit)
Batting: RHB Ignacio García 0-0: Fly out, F8 (Flyball, 8RM)
Batting: RHB José Casarreal 0-0: Called Strike
0-1: Ball
1-1: Foul Ball, location: 2F
1-2: Strikes out swinging
Top of the 3rd over - 0 run(s), 1 hit(s), 0 error(s), 1 left on base; Gryfindor 0 - Sylvania 0
BOTTOM OF THE 3RD
Sylvania Maple Leaves batting - Pitching for Gryfindor Braves : RHP Josh Gardner
Batting: RHB Kenny Norton 0-0: Ground out 4-3 (Groundball, 4)
Batting: LHB Carl Pierce 0-0: Ball
1-0: Called Strike
1-1: Ball
2-1: Swinging Strike
2-2: Strikes out swinging
Batting: RHB Nick McKnight 0-0: Called Strike
0-1: Ball
1-1: Ball
2-1: Foul Ball, location: 2F
2-2: SINGLE (Line Drive, 4MD)
Batting: LHB Iván Gonzáles 0-0: Foul Ball, location: 2F
0-1: Ball
1-1: Called Strike
1-2: Strikes out swinging
Bottom of the 3rd over - 0 run(s), 1 hit(s), 0 error(s), 1 left on base; Gryfindor 0 - Sylvania 0
TOP OF THE 4TH
Gryfindor Braves batting - Pitching for Sylvania Maple Leaves : RHP Greg Beaver
Batting: RHB Arlen King 0-0: Called Strike
0-1: Ball
1-1: Swinging Strike
1-2: Ball
2-2: Ball
3-2: Base on Balls
Batting: RHB Pedro Cruz 0-0: Foul Ball, location: 2F
0-1: Ball
1-1: Called Strike
1-2: Fly out, F9 (Flyball, 89S)
Batting: SHB Joe Werner 0-0: Ball
1-0: Called Strike
1-1: Ball
2-1: 2-RUN HOME RUN (Line Drive, 9LD), Distance : 355 ft
Batting: LHB Jim Unknown 0-0: Ball
1-0: Ground out 5-3 (Groundball, 56)
Batting: RHB Miguel Torres 0-0: Ball
1-0: Called Strike
1-1: Foul Ball, location: 2F
1-2: Fly out, F9 (Flyball, 9LM)
Top of the 4th over - 2 run(s), 1 hit(s), 0 error(s), 0 left on base; Gryfindor 2 - Sylvania 0
BOTTOM OF THE 4TH
Sylvania Maple Leaves batting - Pitching for Gryfindor Braves : RHP Josh Gardner
Batting: RHB Bernardo Márquez 0-0: Called Strike
0-1: Ball
1-1: Called Strike
1-2: Foul Ball, location: 2F
1-2: Ball
2-2: SINGLE (Line Drive, 8RS)
Batting: RHB Ingo van Ham 0-0: Ball
1-0: Ball
Wild Pitch!
Bernardo Márquez to second
2-0: Swinging Strike
2-1: Called Strike
2-2: Ball
3-2: SINGLE (Line Drive, 6M)
Bernardo Márquez to third
Runner from 3rd tries for Home, SAFE, throw made home
Ingo van Ham to second
Batting: LHB Rafael Álvarez 0-0: Ball
1-0: Swinging Strike
1-1: Ball
2-1: Ball
3-1: Swinging Strike
3-2: Foul Ball, location: 2F
3-2: Foul Ball, location: 2F
3-2: Base on Balls
Batting: RHB Trevor Gardner 0-0: Ball
1-0: SINGLE (Line Drive, 7S)
Ingo van Ham to third
Rafael Álvarez to second
Batting: RHB José Valdéz 0-0: Ball
1-0: Reached on error, E6 (Groundball, 6M)
Ingo van Ham scores
Rafael Álvarez to third
Trevor Gardner to second
Batting: RHB Kenny Norton 0-0: Called Strike
0-1: Swinging Strike
0-2: Strikes out swinging
Batting: LHB Carl Pierce 0-0: Ball
1-0: Ball
2-0: SINGLE (Line Drive, 56D)
Rafael Álvarez scores
Trevor Gardner to third
José Valdéz to second
Runner from 3rd tries for Home, SAFE, throw made home
José Valdéz to third
Carl Pierce to second
Batting: RHB Nick McKnight 0-0: Ball
1-0: Ball
2-0: Ball
3-0: Called Strike
3-1: Fly out, F8 (Flyball, 8RD)
Runner from 3rd tags up, SCORES, no throw
Carl Pierce to third
Batting: LHB Iván Gonzáles 0-0: Ball
1-0: Called Strike
1-1: Ball
2-1: Ground out 4-3 (Groundball, 4)
Bottom of the 4th over - 5 run(s), 4 hit(s), 1 error(s), 1 left on base; Gryfindor 2 - Sylvania 5
TOP OF THE 5TH
Gryfindor Braves batting - Pitching for Sylvania Maple Leaves : RHP Greg Beaver
Batting: RHB Alfredo Martínez 0-0: Ground out 4-3 (Groundball, 4)
Batting: RHB Claudio Pérez 0-0: Fly out, F6 (Popup, 6MD)
Batting: RHB Ignacio García 0-0: Ball
1-0: Ground out 6-3 (Groundball, 6)
Top of the 5th over - 0 run(s), 0 hit(s), 0 error(s), 0 left on base; Gryfindor 2 - Sylvania 5
BOTTOM OF THE 5TH
Sylvania Maple Leaves batting - Pitching for Gryfindor Braves : RHP Josh Gardner
Batting: RHB Bernardo Márquez 0-0: Foul Ball, location: 2F
0-1: Swinging Strike
0-2: Ball
1-2: Foul Ball, location: 2F
1-2: Foul Ball, location: 2F
1-2: Strikes out swinging
Batting: RHB Ingo van Ham 0-0: Ball
1-0: Ball
2-0: Called Strike
2-1: Called Strike
2-2: Strikes out swinging
Batting: LHB Rafael Álvarez 0-0: Called Strike
0-1: Called Strike
0-2: Ground out 4-3 (Groundball, 34)
Bottom of the 5th over - 0 run(s), 0 hit(s), 0 error(s), 0 left on base; Gryfindor 2 - Sylvania 5
TOP OF THE 6TH
Gryfindor Braves batting - Pitching for Sylvania Maple Leaves : RHP Greg Beaver
Batting: RHB José Casarreal 0-0: Foul Ball, location: 2F
0-1: Foul Ball, location: 2F
0-2: Fly out, F9 (Flyball, 89M)
Batting: RHB Arlen King 0-0: Called Strike
0-1: Called Strike
0-2: Foul Ball, location: 2F
0-2: Ball
1-2: Foul Ball, location: 2F
1-2: Foul Ball, location: 2F
1-2: Ball
2-2: Foul Ball, location: 2F
2-2: Ball
3-2: Fly out, F3 (Popup, 3DF)
Batting: RHB Pedro Cruz 0-0: Swinging Strike
0-1: Called Strike
0-2: Ball
1-2: Strikes out swinging
Top of the 6th over - 0 run(s), 0 hit(s), 0 error(s), 0 left on base; Gryfindor 2 - Sylvania 5
BOTTOM OF THE 6TH
Sylvania Maple Leaves batting - Pitching for Gryfindor Braves : RHP Josh Gardner
Batting: RHB Trevor Gardner 0-0: Ball
1-0: Ball
2-0: SINGLE (Groundball, 56)
Batting: RHB José Valdéz 0-0: Ball
1-0: Foul Ball, location: 2F
1-1: Fly out, F8 (Flyball, 8LXD)
Batting: RHB Kenny Norton 0-0: Ball
1-0: Ball
2-0: Ball
3-0: Base on Balls
Trevor Gardner to second
Pitching: LHP Keith Hall
Batting: LHB Carl Pierce 0-0: Called Strike
0-1: Ball
1-1: Foul Ball, location: 2F
1-2: Fly out, F8 (Popup, 8LS)
Batting: RHB Nick McKnight 0-0: Ball
1-0: Called Strike
1-1: Ball
2-1: Called Strike
2-2: Foul Ball, location: 2F
2-2: Ball
3-2: Ground out 4-3 (Groundball, 4M)
Bottom of the 6th over - 0 run(s), 1 hit(s), 0 error(s), 2 left on base; Gryfindor 2 - Sylvania 5
TOP OF THE 7TH
Gryfindor Braves batting - Pitching for Sylvania Maple Leaves : RHP Greg Beaver
Batting: SHB Joe Werner 0-0: Ball
1-0: Fly out, F7 (Flyball, 7LM)
Batting: LHB Jim Unknown 0-0: Called Strike
0-1: Ball
1-1: Ball
2-1: Foul Ball, location: 2F
2-2: Ground out 5-3 (Groundball, 56)
Batting: RHB Miguel Torres 0-0: Ball
1-0: Ball
2-0: Called Strike
2-1: Called Strike
2-2: Foul Ball, location: 2F
2-2: Strikes out looking
Top of the 7th over - 0 run(s), 0 hit(s), 0 error(s), 0 left on base; Gryfindor 2 - Sylvania 5
BOTTOM OF THE 7TH
Sylvania Maple Leaves batting - Pitching for Gryfindor Braves : LHP Keith Hall
Batting: LHB Iván Gonzáles 0-0: Called Strike
0-1: Ball
1-1: Called Strike
1-2: Strikes out swinging
Batting: RHB Bernardo Márquez 0-0: Foul Ball, location: 2F
0-1: Called Strike
0-2: Ball
1-2: Ball
2-2: Ball
3-2: DOUBLE (Flyball, 8LXD)
Batting: RHB Ingo van Ham 0-0: Intentional Walk
Batting: LHB Rafael Álvarez 0-0: Called Strike
0-1: Called Strike
0-2: Ball
1-2: Ball
2-2: Ball
3-2: Strikes out swinging
Batting: RHB Trevor Gardner 0-0: Ball
1-0: Ball
2-0: Called Strike
2-1: Called Strike
2-2: Strikes out swinging
Bottom of the 7th over - 0 run(s), 1 hit(s), 0 error(s), 2 left on base; Gryfindor 2 - Sylvania 5
TOP OF THE 8TH
Gryfindor Braves batting - Pitching for Sylvania Maple Leaves : RHP Greg Beaver
Batting: RHB Alfredo Martínez 0-0: Foul Ball, location: 2F
0-1: Ball
1-1: Swinging Strike
1-2: SINGLE (Groundball, 34)
Batting: RHB Claudio Pérez 0-0: Ball
1-0: Ball
2-0: Foul Ball, location: 2F
2-1: Foul Ball, location: 2F
2-2: Fielders Choice at 2nd, 6-4 (Groundball, 6)
Batting: RHB Ignacio García 0-0: Ball
1-0: Foul Ball, location: 2F
1-1: Foul Ball, location: 2F
1-2: SINGLE (Groundball, 4MD)
Claudio Pérez to second
Batting: RHB José Casarreal 0-0: SINGLE (Flyball, 8RS)
Claudio Pérez to third
Ignacio García to second
Runner from 3rd tries for Home, SAFE, throw made home
Batting: RHB Arlen King 0-0: Called Strike
0-1: Ball
1-1: Swinging Strike
1-2: Foul Ball, location: 2F
1-2: Strikes out swinging
Batting: RHB Pedro Cruz 0-0: Ball
1-0: Ball
2-0: Ball
3-0: Called Strike
3-1: Base on Balls
Ignacio García to third
José Casarreal to second
Pinch Hitting: RHB Kyle Wilson 0-0: Ball
1-0: SINGLE (Line Drive, 56)
Ignacio García scores
José Casarreal to third
Pedro Cruz to second
Runner from 3rd tries for Home, SAFE, throw made home
Pitching: RHP Abel Blok
Batting: LHB Jim Unknown 0-0: Called Strike
0-1: Ground out U3 (Groundball, 3)
Top of the 8th over - 3 run(s), 4 hit(s), 0 error(s), 2 left on base; Gryfindor 5 - Sylvania 5
BOTTOM OF THE 8TH
Sylvania Maple Leaves batting - Pitching for Gryfindor Braves : LHP Keith Hall
Now at 3B: Kyle Wilson
Batting: RHB José Valdéz 0-0: Swinging Strike
0-1: Ball
1-1: Foul Ball, location: 2F
1-2: Foul Ball, location: 2F
1-2: Strikes out swinging
Pitching: RHP Domingo Medina
Pinch Hitting: RHB Bartolo García 0-0: Ball
1-0: Ball
2-0: Ball
3-0: Called Strike
3-1: Base on Balls
Batting: LHB Carl Pierce 0-0: Called Strike
0-1: Ball
1-1: SINGLE (Flyball, 78S)
Bartolo García to second
Batting: RHB Nick McKnight 0-0: Swinging Strike
0-1: Foul Ball, location: 2F
0-2: SINGLE (Line Drive, 5D)
Bartolo García to third
Carl Pierce to second
Throwing error, E7
Bartolo García scores
Carl Pierce to third
Nick McKnight to second
Batting: LHB Iván Gonzáles 0-0: Intentional Walk
Batting: RHB Bernardo Márquez 0-0: Ball
1-0: Swinging Strike
1-1: Swinging Strike
1-2: Strikes out looking
Batting: RHB Ingo van Ham 0-0: Swinging Strike
0-1: Ball
1-1: Called Strike
1-2: Foul Ball, location: 2F
1-2: Ball
2-2: Foul Ball, location: 2F
2-2: Strikes out swinging
Bottom of the 8th over - 1 run(s), 2 hit(s), 1 error(s), 3 left on base; Gryfindor 5 - Sylvania 6
TOP OF THE 9TH
Gryfindor Braves batting - Pitching for Sylvania Maple Leaves : RHP Abel Blok
Pitching: LHP Hildebrand Claessens
Now in LF: Jim Unknown
Batting: RHB Miguel Torres 0-0: Ball
1-0: Reached on error, E6 (Groundball, 6)
Batting: RHB Alfredo Martínez 0-0: SINGLE (Line Drive, 56D)
Miguel Torres to third
Runner from 3rd tries for Home, SAFE, throw made home
Batting: RHB Claudio Pérez 0-0: Called Strike
0-1: Reached on error, E5 (Groundball, 56S)
Alfredo Martínez to second
Batting: RHB Ignacio García 0-0: Foul Ball, location: 2F
0-1: Bunted foul
0-2: Fly out, F7 (Flyball, 78M)
Pinch Runner at 2nd Diego Chacón:
Batting: RHB José Casarreal 0-0: Ball
1-0: Grounds into double play, 5-4-3 (Groundball, 56)
Top of the 9th over - 1 run(s), 1 hit(s), 2 error(s), 1 left on base; Gryfindor 6 - Sylvania 6
BOTTOM OF THE 9TH
Sylvania Maple Leaves batting - Pitching for Gryfindor Braves : RHP Domingo Medina
Pitching: LHP Dave Davis
Now at C: Paris Avgerinos
Pinch Hitting: RHB Jim Unknown 0-0: Called Strike
0-1: Ball
1-1: Fly out, F9 (Flyball, 89M)
Batting: RHB Trevor Gardner 0-0: Called Strike
0-1: Swinging Strike
0-2: Strikes out looking
Batting: RHB José Valdéz 0-0: Ball
1-0: Called Strike
1-1: Ball
2-1: SINGLE (Line Drive, 6D)
Batting: LHB Jim Unknown 0-0: Called Strike
0-1: Ball
1-1: Foul Ball, location: 2F
1-2: Fly out, F5 (Popup, 5F)
Bottom of the 9th over - 0 run(s), 1 hit(s), 0 error(s), 1 left on base; Gryfindor 6 - Sylvania 6
TOP OF THE 10TH
Gryfindor Braves batting - Pitching for Sylvania Maple Leaves : LHP Hildebrand Claessens
Now at 1B: Chris Randolph
Batting: RHB Arlen King 0-0: Called Strike
0-1: SINGLE (Groundball, 56)
Batting: RHB Pedro Cruz 0-0: Called Strike
0-1: Called Strike
0-2: Strikes out looking
Batting: RHB Kyle Wilson 0-0: Ball
1-0: Foul Ball, location: 2F
1-1: Ball
2-1: Fly out, F9 (Flyball, 9LSF)
Batting: LHB Jim Unknown 0-0: Called Strike
0-1: Foul Ball, location: 2F
0-2: Ball
1-2: Strikes out looking
Top of the 10th over - 0 run(s), 1 hit(s), 0 error(s), 1 left on base; Gryfindor 6 - Sylvania 6
BOTTOM OF THE 10TH
Sylvania Maple Leaves batting - Pitching for Gryfindor Braves : LHP Dave Davis
Batting: LHB Carl Pierce 0-0: Called Strike
0-1: Ball
1-1: Ball
2-1: Ball
3-1: Called Strike
3-2: Foul Ball, location: 2F
3-2: Strikes out swinging
Batting: RHB Nick McKnight 0-0: Called Strike
0-1: Called Strike
0-2: Ground out 6-3 (Groundball, 6M)
Batting: LHB Iván Gonzáles 0-0: Called Strike
0-1: Ball
1-1: Swinging Strike
1-2: SOLO HOME RUN (Line Drive, 9D), Distance : 385 ft
This league is powered by Out of the Park Baseball, the baseball management simulation game for PC, Mac and Linux
Monday, May 4th, 2015 - OOTP Baseball 15.6 Build 34